 BcadrenCrawl: Boulder Brew version 0.04.2-10-g17648f679b (webtiles) character file.

Game seed: 16455667884018172985, levelgen mode: deterministic

18817 diana the Warrior (level 12, -16/133 HPs) Pearl Draconian Demigod. Began on May 1, 2021. Killed from afar by an eidolon (28 damage) ... with an iceblast ... on level 2 of the Lair of Beasts. The game lasted 00:18:25 (8075 turns).

diana the Warrior (Pearl Draconian Demigod)         Turns: 8075, Time: 00:18:26

Health: -16/133    AC: 13    Str: 26    XL:     12 ^: 18348
Magic:  0/21       EV: 18    Int: 22    God:
Gold:   460        SH:  0    Dex: 15    Spells: 20/21 levels left

rFire    . . .     Vision   .     - Unarmed
rCold    . . .     Gourm    .     - Unarmed
rNeg     + + +     Faith    .   (armour unavailable)
rPois    .         Spirit   +   (helmet restricted)
rElec    .         Reflect  .   (no cloak)
rCorr    .         Harm     .   (no gloves)
MR       .....                  (no boots)
Stlth    ++........             e - amulet of guardian spirit
HPRegen  0.54/turn              k - ring of intelligence
MPRegen  0.31/turn              o - ring of strength

@: afraid, starving, slowed, studying Invocations, very slow
A: no body armour, unfitting armour, high mp 1, cold-blooded, boosted bows
aptitude, boosted stealth aptitude, charms, summoning and earth enhancers 1,
AC++, rN+++, AC +13
a: Breathe Blessed Flames


You were on level 2 of the Lair of Beasts.
You were starving.

You visited 2 branches of the dungeon, and saw 7 of its levels.

You collected 460 gold pieces.

Inventory:

Weapons
 p - a +0 shortbow
Jewellery
 e - an amulet of guardian spirit (around neck)
 k - a ring of intelligence (left hand)
 o - a ring of strength (right hand)
 r - an uncursed ring of ice
 x - a cursed amulet of regeneration {(Curse: *Drain)}
Wands
 c - a wand of enslavement (12)
 h - a wand of polymorph (2)
 u - a wand of flame (2)
Scrolls
 a - a scroll of bless item
 d - 5 scrolls of teleportation
 f - 3 scrolls of magic mapping
 j - 3 scrolls of enchantment
 q - 2 scrolls of blinking
Potions
 g - a potion of agility
 i - a potion of curing
 m - a potion of magic
 n - 3 potions of might
 s - a potion of cure mutation
 t - a potion of berserk rage
Comestibles
 b - 13 rations


   Skills:
 * Level 16.0 Fighting
 + Level 9.0 Dodging
 - Level 2.0 Stealth
 - Level 5.2 Unarmed Combat
 - Level 5.1 Spellcasting
 - Level 1.5 Fire Magic


You had 20 spell levels left.
You knew the following spells:

 Your Spells              Type           Power        Failure   Level  Hunger
a - Flame Tongue          Fire           12 (30)      5%          1    None

Your spell library contained the following spells:

 Spells                   Type           Power        Failure   Level  Hunger
 Foxfire                  Fire           12 (25)      5%          1    None
 Searing Ray              Fire           12 (50)      8%          2    None
 Blink                    Tloc           N/A          16%         2    None
 Call Imp                 Summ           8 (100)      16%         2    None
 Slow                     Hex            5 (100)      16%         2    None
 Conjure Flame            Fire           12 (100)     16%         3    ##.....
 Ignite Poison            Fire/Tmut      9 (100)      22%         3    ##.....
 Inner Flame              Hex/Fire       9 (100)      22%         3    ##.....
 Mephitic Cloud           Pois/Air       5 (100)      30%         3    ##.....
 Sticky Flame             Fire/Pois      9 (100)      58%         4    ####...
 Fireball                 Fire           12 (200)     82%         5    #####..
 Bolt of Fire             Fire           12 (200)     100%        6    #######
 Ring of Flames           Chrm/Fire      13 (200)     100%        6    #######
 Starburst                Fire           12 (200)     100%        6    #######
 Ignition                 Fire           12 (200)     100%        8    #######


Dungeon Overview and Level Annotations

Branches:
Dungeon (5/8)              Temple (0/1) D:4            Lair (2/6) D:5
 Shoals (0/4) Lair:2
  Snake: Lair:2-4    Spider: Lair:2-4


Innate Abilities, Weirdness & Mutations

You cannot fit into any form of body armour.
Your opalescent pearl scales are resilient. (AC +13)
You can breathe bursts of cleansing flame.
You have an increased reservoir of magic. (+10% MP)
You are cold-blooded and may be slowed by cold attacks.
You are naturally skilled at Bows (Aptitude +3).
You are naturally skilled at Stealth (Aptitude +3).
You are in touch with the powers of charms, summonings and the earth.
Your opalescent pearl scales boost your defenses and vastly increase your resistance to negative energy. (AC++, rN+++)


Message History

The eidolon zaps a wand.
The mass of ice explodes!
The iceblast engulfs you (25)!!
The eidolon zaps a wand.
The mass of ice explodes!
The iceblast engulfs you (28)!!
You see here a wand of hasting (6).
You are no longer terrified.
The eidolon zaps a wand.
The mass of ice explodes!
The iceblast engulfs you (32)!!
* * * LOW HITPOINT WARNING * * *
The iceblast engulfs the plant (39)!!!
The plant is destroyed!
The eidolon gestures.
The eidolon radiates an aura of fear!
You are terrified of the eidolon!
The eidolon zaps a wand.
The mass of ice explodes!
The iceblast engulfs you (34)!!
* * * LOW HITPOINT WARNING * * *
The eidolon zaps a wand.
The mass of ice explodes!
The iceblast engulfs you (31)!!
You die...

..............####..$###.........
#.............##.#....#..........
............./##....###P.........
..............W..................
#................................
#..#>.##P..#..P.....###.##P...#..
...######..P.##.w..## ###.....###
....# #..P.#.#..## ###..## #
...P# #..##..#@.## #P...### #..##
#..........# ##..#.## ...P#
#.........## ###...... ..P###
##..#...P...# #........
.....###.....###..### ####.....?
#...........## #..#.####.........
......$....P# ##.................
#...........# #..<...............
............# ##..#.##.###.......


You could see an eidolon and a torpor snail.

Vanquished Creatures
  A mummy priest (Lair:1)
  Pikel (D:3)
  3 giraffes (Lair:2)
  2 molten gargoyles (Lair:2)
  5 spiny frogs
  2 trolls (D:5)
  A wolf spider (Lair:1)
  2 komodo dragons (Lair:2)
  5 guardian mummies
  A queen bee (D:5)
  A hornet (D:5)
  A polar bear (Lair:2)
  4 blink frogs (Lair:1)
  2 dream sheep (Lair:1)
  A wraith (Lair:2)
  A hippogriff (D:5)
  6 flying skulls (Lair:2)
  Menkaure (D:3)
  8 yaks
  Sigmund (D:3)
  2 redbacks (Lair:1)
  A basilisk (Lair:2)
  2 phantoms
  3 wargs (D:5)
  4 orc warriors
  4 porcupines
  9 water moccasins
  A scorpion (D:5)
  3 sky beasts (D:5)
  An eye of draining (D:5)
  2 ice beasts (D:5)
  A black bear (D:5)
  4 wolves (Lair:1)
  3 ogres
  3 crocodiles
  4 big kobolds
  13 bullfrogs
  5 centaurs
  15 killer bees (D:5)
  A rime drake zombie (Lair:2)
  A crimson imp (D:4)
  3 orc priests
  2 hounds
  9 jellies
  A gnoll shaman (D:4)
  An iguana (D:5)
  4 orc wizards
  3 worker ants
  A statue (D:2)
  A wyvern skeleton (D:5)
  6 giant cockroaches
  2 bullfrog zombies (D:4)
  A porcupine zombie (D:5)
  4 bullfrog skeletons
  A porcupine skeleton (D:5)
  2 shadow imps (D:4)
  6 adders
  3 gnolls (D:4)
  53 sewer rats (D:2)
  A white imp (D:4)
  15 cinder newts
  2 worms
  A hound skeleton (D:3)
  4 oozes
  A howler monkey skeleton (D:3)
  A dart slug (D:1)
  4 leopard geckos
  18 orcs
  3 adder skeletons
  3 hobgoblins (D:1)
  17 jackals
  17 kobolds
  4 quokkas
  5 ball pythons
  9 bats
  3 goblins (D:1)
  5 rats (D:1)
  A rat skeleton (D:2)
  2 bushes (Lair:2)
  5 withered plants (D:2)
355 creatures vanquished.

Vanquished Creatures (others)
  3 giant cockroaches (D:2)
  A sewer rat (D:2)
  2 ball pythons (D:2)
  A jackal (D:3)
  2 kobolds (D:2)
  A fungus (Lair:1)
  5 plants
  A slave (D:3)
  A slimehead (D:2)
  133 withered plants (D:2)
150 creatures vanquished.

Grand Total: 505 creatures vanquished

Notes
Turn   | Place    | Note
-------+----------+-------------------------------------------
     0 | D:1      | diana the Immature Draconian Demigod began the quest for
                  | the Orb.
     0 | D:1      | Reached XP level 1. HP: 18/18 MP: 3/3
   127 | D:1      | Reached skill level 2 in Fighting
   127 | D:1      | Reached XP level 2. HP: 26/26 MP: 4/4
   263 | D:1      | Reached XP level 3. HP: 33/33 MP: 5/5
   333 | D:1      | Reached skill level 3 in Fighting
   500 | D:1      | Reached XP level 4. HP: 41/42 MP: 6/6
   810 | D:2      | Noticed a big kobold
   823 | D:2      | Reached skill level 4 in Fighting
   835 | D:2      | Reached XP level 5. HP: 37/50 MP: 7/7
   898 | D:2      | HP: 2/51 [adder (5)]
   918 | D:1      | HP: 2/51 [poisoned by an adder]
   923 | D:1      | HP: 1/51 [poisoned by an adder]
   931 | D:1      | HP: 1/51 [poisoned by an adder]
   939 | D:1      | HP: 2/51 [poisoned by an adder]
  1203 | D:1      | Reached skill level 5 in Fighting
  1249 | D:2      | Reached XP level 6. HP: 61/61 MP: 8/8
  1255 | D:2      | Found an opulent altar of Gozag.
  1493 | D:2      | Reached skill level 6 in Fighting
  1519 | D:2      | Your scales start taking on an opalescent pearl colour.
  1519 | D:2      | Reached XP level 7. HP: 69/69 MP: 9/9
  1519 | D:2      | Gained mutation: Your opalescent pearl scales boost your
                  | defenses and vastly increase your resistance to negative
                  | energy. (AC++, rN+++) [Pearl Draconian growth]
  1519 | D:2      | Gained mutation: You are in touch with the powers of
                  | charms, summonings and the earth. [Pearl Draconian growth]
  1692 | D:2      | Reached skill level 7 in Fighting
  1997 | D:2      | Found a radiant altar of Vehumet.
  2115 | D:2      | Reached XP level 8. HP: 81/81 MP: 11/11
  2418 | D:2      | Reached skill level 8 in Fighting
  2949 | D:3      | Noticed Menkaure
  2960 | D:3      | Killed Menkaure
  3037 | D:3      | Noticed Pikel
  3047 | D:3      | Killed Pikel
  3047 | D:3      | Reached skill level 9 in Fighting
  3047 | D:3      | Reached skill level 5 in Dodging
  3047 | D:3      | Reached skill level 5 in Unarmed Combat
  3225 | D:3      | Found a white marble altar of Elyvilon.
  3360 | D:3      | Noticed Sigmund
  3365 | D:3      | Killed Sigmund
  3457 | D:3      | Found a snail-covered altar of Cheibriados.
  3722 | D:4      | Reached XP level 9. HP: 88/93 MP: 11/13
  3858 | D:4      | Found a staircase to the Ecumenical Temple.
  3863 | D:4      | Reached skill level 10 in Fighting
  4138 | D:4      | Found a glowing silver altar of Zin.
  4138 | D:4      | Noticed an angel
  4252 | D:5      | Entered Level 5 of the Dungeon
  4326 | D:5      | Reached skill level 11 in Fighting
  4517 | D:5      | Noticed a troll
  4519 | D:5      | Gained mutation: You are naturally skilled at Bows
                  | (Aptitude +3). [draconic bloodline]
  4519 | D:5      | Reached XP level 10. HP: 98/105 MP: 16/19
  4527 | D:5      | Reached skill level 5 in Spellcasting
  4555 | D:5      | Reached skill level 12 in Fighting
  4958 | D:5      | Reached skill level 13 in Fighting
  4959 | D:5      | Found a staircase to the Lair.
  5150 | Lair:1   | Entered Level 1 of the Lair of Beasts
  5474 | Lair:1   | Reached XP level 11. HP: 82/118 MP: 14/20
  5631 | Lair:1   | Noticed a mummy priest
  5646 | Lair:1   | Reached skill level 14 in Fighting
  6091 | Lair:2   | Found a staircase to the Shoals.
  6103 | Lair:2   | HP: 4/121 [centaur/arrow (7)]
  6108 | Lair:2   | HP: 6/121 [centaur/arrow (3)]
  6117 | Lair:2   | HP: 3/121 [centaur/arrow (5)]
  6519 | Lair:2   | Reached skill level 15 in Fighting
  6733 | Lair:2   | Noticed an eidolon
  6946 | Lair:1   | Killed a mummy priest
  7953 | Lair:2   | Reached skill level 16 in Fighting
  7953 | Lair:2   | Gained mutation: You are naturally skilled at Stealth
                  | (Aptitude +3). [draconic bloodline]
  7953 | Lair:2   | Reached XP level 12. HP: 125/133 MP: 19/21
  8075 | Lair:2   | Killed from afar by an eidolon

Levels and vault maps discovered:
D:1:      minmay_arrival_nine_rooms, layout_loops_ring, minmay_misc_feat_rugged
D:2:      layout_sewer, vehumet_statue, nicolae_gozag_seed_capital, st_stairs_4
D:3:      layout_cave_pools, lemuel_coloured_pillars_altar, first_ration,
          basic_altar, uniq_pikel, uniq_sigmund, uniq_menkaure
D:4:      layout_cave_pools, zin_angel, temple_statues
D:5:      layout_basic, erik_lair_orcish_takeover, david_nohive_1
Lair:1:   layout_loops_ring, chequers_ossuary_entry_cave
Lair:2:   ossuary_bcadren_due_volcanic, layout_small_grid,
          minmay_shoals_entry_centaurs, small_statue_intersection

Skill      XL: |  1  2  3  4  5  6  7  8  9 10 11 12 |
---------------+-------------------------------------+-----
Fighting       | 2 3 4 5 6 7 9 11 13 16 | 16.0
Unarmed Combat | 2 3 4 5 |  5.2
Dodging        | 3 4 5 6 7 8 9 |  9.0
Spellcasting   | 4 5 |  5.1
Stealth        | 2 |  2.0
Fire Magic     | |  1.5

Action                   |  1- 3 |  4- 6 |  7- 9 | 10-12 || total
-------------------------+-------+-------+-------+-------++-------
Melee: Unarmed           |   108 |   291 |   645 |   639 ||  1683
       Tailslap          |     5 |    22 |    57 |    72 ||   156
 Cast: Flame Tongue      |       |       |       |    20 ||    20
 Abil: Breathe Dart      |       |     1 |       |       ||     1
       Breathe Blessed F |       |       |       |     5 ||     5
  Use: Potion            |       |     1 |       |     7 ||     8
       Scroll            |       |     1 |       |       ||     1
 Stab: Sleeping          |     6 |     1 |     5 |     1 ||    13
       Distracted        |       |       |     1 |       ||     1
  Eat: Chunk             |       |     2 |     9 |     7 ||    18
       Ration            |       |       |     1 |     1 ||     2
Armor: Skin              |     6 |    33 |    60 |    77 ||   176
Dodge: Dodged            |    41 |   110 |   175 |   171 ||   497
